[Event "SWE-ch Masters Elite 2019"]
[Site "Eskilstuna"]
[Date "2019.07.14"]
[Round "9.3"]
[White "Andersson, Tommy"]
[Black "Nyander, Joakim"]
[Result "1/2-1/2"]
[ECO "A30"]
[WhiteElo "2390"]
[BlackElo "2233"]
[Annotator "NA"]
[PlyCount "161"]
[EventDate "2019.07.06"]
[EventType "tourn"]
[EventCountry "SWE"]
[SourceTitle "playchess.com"]
[Source "ChessBase"]
[SourceQuality "1"]
[TimeControl "40/5400+30:1800+30"]

1. g3 c5 2. Bg2 e6 3. c4 Nf6 4. b3 Be7 5. Bb2 O-O 6. Nh3 a6 7. O-O d6 8. e3 Nbd7 9. Nc3 Rb8 10. a4 b6 11. d4 cxd4 12. exd4 Re8 13. Nf4 Nf8 14. Re1 Bd7 15. Nd3 Qc8 16. Rc1 Bc6 17. d5 Bb7 18. Bh3 Qd8 19. dxe6 Nxe6 20. Bxe6 fxe6 21. Rxe6 Qd7 22. Re1 Qc6 23. f3 Qxf3 24. Qxf3 Bxf3 25. Ba3 Kf7 26. Nf4 Bf8 27. Rf1 Re3 28. Rc2 Kg8 29. Bc1 Be4 30. Nxe4 Rxe4 31. Bb2 Ng4 32. h3 Ne5 33. Nd5 Nd3 34. Ba1 Nc5 35. Rc3 b5 36. axb5 axb5 37. cxb5 Rxb5 $16 38. b4 Ne6 39. Rd3 Rb8 40. Bc3 Re2 41. h4 Rb7 42. Rdf3 Re4 43. h5 h6 44. Rf5 Rg4 45. Kg2 Rg5 46. R1f3 Rxf5 47. Rxf5 Rf7 48. g4 Rb7 49. b5 Be7 50. b6 Bd8 51. Rf1 Nc5 52. Ba5 Nb3 53. Bb4 Nc5 54. Bxc5 dxc5 55. Ra1 Rb8 56. Ra6 c4 57. Kf3 Kf7 58. Ke4 c3 59. Kd3 Ke6 60. Nc7+ Ke5 61. Ra5+ Kd6 62. Ne8+ Kc6 63. Nxg7 Bf6 64. Ne6 Re8 65. b7 Kxb7 66. Nf4 Rg8 67. Rf5 Bh8 68. Ng6 Rd8+ 69. Kc2 Rd2+ 70. Kc1 Bd4 71. Rd5 Be3 72. Rxd2 cxd2+ 73. Kd1 Kc7 74. Ne5 Bf4 75. Nf3 Kd6 76. g5 Bxg5 77. Nxg5 Ke5 78. Nf7+ Kf6 79. Nxh6 Kg5 80. Ng4 Kxh5 81. Kxd2 1/2-1/2

[Event "SWE-ch Masters Elite 2019"]
[Site "Eskilstuna"]
[Date "2019.07.14"]
[Round "9.4"]
[White "Ernst, Thomas"]
[Black "Lindberg, Bengt"]
[Result "0-1"]
[ECO "B47"]
[WhiteElo "2335"]
[BlackElo "2384"]
[Annotator "NA"]
[PlyCount "159"]
[EventDate "2019.07.06"]
[EventType "tourn"]
[EventCountry "SWE"]
[SourceTitle "playchess.com"]
[Source "ChessBase"]
[SourceQuality "1"]
[TimeControl "40/5400+30:1800+30"]

1. e4 c5 2. Nf3 e6 3. d4 cxd4 4. Nxd4 Nc6 5. Nc3 Qc7 6. g3 a6 7. Bg2 Nge7 8. Nde2 b5 {[%emt 0:02:08] B47: Sicilian: Taimanov: 5 Nc3 Qc7 6 f4, 6 g3 and 6 Be2} (8... Ng6 9. b3 b5 10. Bb2 Bc5 11. O-O Bb7 12. Qd2 O-O 13. Kh1 Nce7 14. Rad1 Rad8 15. Qg5 f6 16. Qh5 {0-1 (24) Kulaots,K (2567)-Iturrizaga Bonelli,E (2653) Riga 2014}) 9. O-O Bb7 10. b3 $146 ({Predecessor:} 10. f4 f5 11. Be3 Na5 12. Bf2 Rc8 13. Nd4 b4 14. Ncb5 axb5 15. Nxb5 Qxc2 16. Nd6+ {1-0 (16) Gonzalez de la Torre,S (2245)-Manso Marquez,F (2088) Euskadi 2000}) 10... Ng6 11. Be3 Rc8 12. f4 Ba3 13. Qd2 Nce7 14. Rad1 f5 15. Qd4 fxe4 16. Bxe4 Bxe4 17. Qxe4 O-O 18. Rd2 Nf5 19. Bf2 Bc5 20. a4 b4 21. Nd1 $11 Bxf2+ 22. Rxf2 a5 23. Ne3 Nxe3 24. Qxe3 Ne7 25. Qd3 Nd5 26. Nd4 g6 27. Nb5 Qb6 28. Qe4 Rc5 29. Qd4 Rfc8 30. Rfe2 R8c6 31. Rf2 Qb8 32. Kf1 Qf8 33. Na7 Rc7 34. Nb5 Rc8 35. Na7 Re8 36. Nb5 Ra8 37. Kg1 Rc6 38. Na7 Rc3 39. Nb5 Re3 40. Rfe2 Rxe2 41. Rxe2 Rc8 42. Rd2 Rc5 43. Na7 h6 44. Nb5 Kh7 45. Rf2 Nf6 46. Qd6 Kg7 47. Rd2 Rc6 48. Qxf8+ Kxf8 49. Nd6 Ke7 50. Nc4 Ra6 51. Kg2 g5 52. Kf3 d5 53. Ne5 Ne4 54. Rg2 Ra8 55. h4 Rc8 56. hxg5 hxg5 57. fxg5 Nxg5+ 58. Kf4 Ne4 59. g4 Rf8+ 60. Ke3 Kd6 61. Nc4+ Kc5 62. Nd2 Ng5 63. Rh2 Rg8 64. Rh5 Kd6 65. Nf3 Nxf3 66. Kxf3 Rc8 67. Rh2 Rc3+ 68. Kf4 e5+ 69. Kg5 e4 70. Kh6 Rg3 71. g5 e3 72. g6 Ke5 73. Kh7 Kf6 74. Rh4 Rxg6 75. Rh3 e2 76. Rf3+ Kg5 77. Re3 Rh6+ 78. Kg7 Rh2 79. Kf7 Kf4 80. Re8 {[%emt 0:00:10] Ke5} 0-1

[Event "SWE-ch Masters Elite 2019"]
[Site "Eskilstuna"]
[Date "2019.07.14"]
[Round "9.5"]
[White "Seo, Jung Min"]
[Black "Rydstrom, Tom"]
[Result "1-0"]
[ECO "A25"]
[WhiteElo "2399"]
[BlackElo "2345"]
[Annotator "NA"]
[PlyCount "183"]
[EventDate "2019.07.06"]
[EventType "tourn"]
[EventCountry "SWE"]
[SourceTitle "playchess.com"]
[Source "ChessBase"]
[SourceQuality "1"]
[TimeControl "40/5400+30:1800+30"]

1. c4 e5 2. Nc3 Nc6 3. g3 Bc5 4. Bg2 a6 5. e3 d6 6. Nge2 Ba7 7. Rb1 h5 8. h4 Nf6 9. b4 O-O 10. a4 a5 $11 11. bxa5 Nxa5 12. d3 Re8 13. O-O Bg4 14. Kh2 Bf5 15. f3 Bh7 16. e4 Nd7 17. Qc2 Nc6 18. Bh3 Nd4 19. Nxd4 Bxd4 20. Rxb7 Bb6 21. Ba3 f5 22. exf5 Qc8 23. f6 Qxb7 24. Bxd7 Rf8 25. Be6+ Kh8 26. fxg7+ Kxg7 27. Bd5 c6 28. Be4 Qd7 29. Qc1 Bd4 30. Bxh7 Kxh7 31. Bb2 Bxc3 32. Qxc3 c5 33. a5 Rab8 34. Bc1 Qb7 35. Qd2 Qg7 36. Qe2 Qg6 37. Bg5 Rb3 38. Rd1 Ra8 39. f4 Rf8 40. fxe5 Re8 41. Rd2 Rxe5 42. Qf3 Rf5 43. Bf4 Rf7 44. Qd5 Ra3 45. Qxd6 Qxd6 46. Bxd6 Rxa5 47. Bf4 Rd7 48. Kg2 Ra3 49. Re2 Rdxd3 50. Re5 Kg6 51. Rg5+ Kh6 52. Rxc5+ Kg6 53. Rg5+ Kh6 54. Rb5+ Kg6 55. Rb6+ Kg7 56. Be5+ Kh7 57. Rb7+ Kg6 58. Rb6+ Kh7 59. Bf4 Kg7 60. Rb2 Kg6 61. c5 Rdc3 62. Bd6 Ra4 63. Re2 Rac4 64. Re6+ Kf7 65. Re5 Rc2+ 66. Kh3 Kg6 67. Rg5+ Kh6 68. Bf8+ Kh7 69. Rxh5+ Kg6 70. Rg5+ Kh7 71. Rg7+ Kh6 72. Ra7+ Kg6 73. Ra6+ Kf7 74. Bd6 Kg6 75. Ra1 Re2 76. Rd1 Rec2 77. Rd5 Kh6 78. h5 Rf2 79. Bf4+ Rfxf4 80. gxf4 Rxf4 81. Kg3 Rc4 82. Kf3 Kg7 83. Ke3 Kh6 84. Kd3 Rc1 85. Kd4 Rc2 86. Rf5 Rc1 87. Kd5 Rd1+ 88. Kc6 Rc1 89. Kd6 Rd1+ 90. Kc7 Rc1 91. c6 Rc2 92. Rd5 1-0